 Dungeon Crawl Stone Soup version 0.28-a0-863-g8cecda6153 (webtiles) character file.

Game seed: 4471182970275781568

599 sanka the Changer (level 7, -6/51 HPs)
             Began as a Palentonga Transmuter on Nov 18, 2021.
             Mangled by a black bear (11 damage)
             ... on level 5 of the Dungeon.
             The game lasted 00:06:36 (4949 turns).

sanka the Changer (Palentonga Transmuter)           Turns: 4949, Time: 00:06:36

Health: -6/51      AC:  2    Str: 13    XL:     7   Next: 17%
Magic:  8/10       EV: 19    Int: 15    God:
Gold:   185        SH:  0    Dex: 16    Spells: 4/10 levels left

rFire   . . .      SeeInvis +     - Unarmed
rCold   . . .      Faith    .   (shield currently unavailable)
rNeg    . . .      Spirit   .   (armour currently unavailable)
rPois   x          Reflect  .   (helmet currently unavailable)
rElec   .          Harm     .   (cloak currently unavailable)
rCorr   .          Rampage  .   (gloves currently unavailable)
Will    .....                   (no barding)
Stlth   +.........              (no amulet)
HPRegen 0.17/turn               (no ring)
MPRegen 0.12/turn               (no ring)

@: spider-form
A: venomous fangs, tiny, rugged brown scales 3, see invisible, (deformed body),
(roll 1), (armoured tail), (reflexive curl)
a: End Transformation


You were on level 5 of the Dungeon.
You were a venomous arachnid creature.
You visited 1 branch of the dungeon, and saw 5 of its levels.

You collected 185 gold pieces.


Innate Abilities, Weirdness & Mutations

You are a venomous arachnid creature.
You have poisonous fangs.
You are tiny and dextrous.
Your spellcasting is less reliable in this form.
Your armour is entirely melded.
You are incapable of wielding weapons or throwing items.
(You are completely covered in rugged brown scales. (AC +3, +7% HP))
You have supernaturally acute eyesight. (SInv)
((Armour fits poorly on your strangely shaped body.))
((You can roll at nearby foes to attack.))
((You have a long armoured tail.))
((You curl defensively after being hit. (AC +7*)))


   Skills:
 + Level 1.5 Fighting
 + Level 1.9 Dodging
 + Level 5.0 Unarmed Combat
 - Level 2.0 Spellcasting
 - Level 6.0 Transmutations
 - Level 2.0 Poison Magic


You had 4 spell levels left.
You knew the following spells:

 Your Spells              Type           Power      Damage    Failure   Level
x - Spider Form           Tmut/Pois      13%        N/A       30%         3
y - Wereblood             Tmut           19%        N/A       10%         2
z - Beastly Appendage     Tmut           38%        N/A       8%          1

Your spell library contained the following spells:

 Spells                   Type           Power      Damage    Failure   Level
 Blink                    Tloc           2%         N/A       54%         2
 Ensorcelled Hibernation  Hex/Ice        2%         N/A       54%         2
 Dazzling Flash           Conj/Hex       2%         N/A       75%         3
 Lesser Beckoning         Tloc           1%         N/A       75%         3
 Tukima's Dance           Hex            1%         N/A       75%         3
 Ice Form                 Ice/Tmut       10%        N/A       75%         4
 Iskenderun's Mystic Bla  Conj/Tloc      1%         2d3       98%         4
 Manifold Assault         Tloc           1%         N/A       100%        5
 Starburst                Conj/Fire      0%         6d3       100%        6

Inventory:

Armour
 a - a +0 robe (melded)
 g - a +0 helmet (melded)
 j - a +0 pair of gloves (melded)
Jewellery
 f - a ring of willpower
Scrolls
 b - a scroll of enchant armour {unknown}
 d - a scroll of noise {unknown}
 e - a scroll of amnesia {unknown}
 i - a scroll of fog {unknown}
 k - 2 scrolls of enchant weapon {unknown}
 l - a scroll of fear {unknown}
 n - 3 scrolls of identify {unknown}
 o - a scroll of vulnerability {unknown}
 p - a scroll of blinking {unknown}
 u - a scroll of teleportation {unknown}
Potions
 c - a potion of heal wounds {@q2}
 h - a potion of might {unknown}
 m - 2 potions of haste {unknown}
 q - a potion of mutation {unknown}
 r - a potion of flight {unknown}
 s - 2 potions of degeneration {unknown}
 t - a potion of curing {unknown}

Dungeon Overview and Level Annotations

Branches:
Dungeon (5/15)             Temple (0/1) D:5

Altars:
Dithmenos

▒........▒▒ ▒.▒
▒.........▒ ▒.▒
▒▒▒▒▒▒▒▒..▒ ▒.▒
▒..▒ ▒.▒ ▒▒▒▒▒
▒▒.▒▒▒.▒▒▒.....
▒.............
▒▒..<......▒▒▒
▒...h▒▒.▒>▒▒
▒...s▒▒...▒
▒......[▒▒▒
▒....▒▒.▒
▒....▒▒.▒
▒....▒▒.▒
▒▒▒..▒..▒
▒▒...▒▒ ▒..▒▒
▒.▒▒


You could see a black bear (berserk, very poisoned).


Message History

* * * LOW HITPOINT WARNING * * *
The black bear claws you.
* * * LOW HITPOINT WARNING * * *
You kill the ogre!
Your Unarmed Combat skill increases to level 5!
You have reached level 7!
You now curl defensively after being hit.
You completely miss the black bear. You barely miss the black bear.
The black bear bites you.
* * * LOW HITPOINT WARNING * * *
The black bear closely misses you. The black bear closely misses you.
You hit the black bear but do no damage.
The black bear is poisoned.
The black bear bites you.
* * * LOW HITPOINT WARNING * * *
The black bear claws you.
* * * LOW HITPOINT WARNING * * *
The black bear barely misses you.
You hit the black bear.
The black bear looks as sick as possible!
The black bear is moderately wounded.
The black bear completely misses you. The black bear barely misses you.
The black bear barely misses you.
The black bear goes berserk!
There is a stone staircase leading up here.
The black bear bites you!
You die...

Action                   |  1- 3 |  4- 6 |  7- 9 || total
-------------------------+-------+-------+-------++-------
Melee: Unarmed           |   128 |    99 |     4 ||   231
       Headbutt          |     9 |    10 |       ||    19
       Kick              |    19 |    17 |       ||    36
       Tailslap          |     7 |     6 |       ||    13
       Punch             |     1 |     1 |       ||     2
 Cast: Beastly Appendage |    33 |    24 |       ||    57
       Spider Form       |     1 |     4 |       ||     5
       Wereblood         |     1 |       |       ||     1
  Use: Potion            |       |     1 |       ||     1
Armor: Robe              |    29 |    16 |       ||    45
       Skin              |       |     1 |       ||     1
Dodge: Dodged            |    41 |    49 |     6 ||    96

Levels and vault maps discovered:
D:1:      dpeg_arrival_long_road, layout_loops_ring, minmay_pentomino_x2
D:2:      layout_basic, chequers_ecumenical_altar_simple_redux, uniq_robin
D:3:      layout_basic, uniq_sigmund
D:4:      layout_basic, kennysheep_little_box
D:5:      layout_rooms, minmay_temple_entry_glass

Notes
Turn   | Place    | Note
-------+----------+-------------------------------------------
     0 | D:1      | sanka the Palentonga Transmuter began the quest for the
                  | Orb.
     0 | D:1      | Reached XP level 1. HP: 16/16 MP: 3/3
   277 | D:1      | Reached XP level 2. HP: 22/22 MP: 3/5
   351 | D:1      | Reached skill level 3 in Transmutations
  1099 | D:1      | Reached XP level 3. HP: 27/27 MP: 4/6
  1216 | D:1      | Learned a level 2 spell: Wereblood
  1220 | D:1      | Learned a level 3 spell: Spider Form
  1291 | D:2      | Found a faded altar of an unknown god.
  1317 | D:2      | Noticed Robin
  1328 | D:2      | Killed Robin
  1686 | D:2      | Reached skill level 1 in Poison Magic
  1850 | D:2      | Reached skill level 4 in Transmutations
  1850 | D:2      | Reached XP level 4. HP: 12/34 MP: 3/7
  1852 | D:2      | HP: 3/34 [poisoned by an adder]
  2698 | D:3      | Reached skill level 2 in Poison Magic
  2698 | D:3      | Reached XP level 5. HP: 14/39 MP: 8/8
  3423 | D:3      | Noticed Sigmund
  3434 | D:3      | Killed Sigmund
  3435 | D:3      | Reached skill level 6 in Transmutations
  3435 | D:3      | Reached XP level 6. HP: 22/46 MP: 3/9
  4107 | D:4      | Reached skill level 4 in Unarmed Combat
  4457 | D:4      | Found a shadowy altar of Dithmenos.
  4883 | D:5      | Entered Level 5 of the Dungeon
  4919 | D:5      | Found a staircase to the Ecumenical Temple.
  4938 | D:5      | Reached skill level 5 in Unarmed Combat
  4938 | D:5      | Gained mutation: You curl defensively after being hit. (AC
                  | +7*) [Palentonga growth]
  4938 | D:5      | Reached XP level 7. HP: 15/51 MP: 6/10
  4940 | D:5      | HP: 4/51 [black bear (2)]
  4949 | D:5      | Mangled by a black bear

Vanquished Creatures
  Sigmund (D:3)
  A black bear (D:4)
  2 ogres
  An iguana (D:3)
  Robin (D:2)
  6 adders
  3 orcs (D:3)
  3 endoplasms (D:1)
  A giant cockroach (D:3)
  10 hobgoblins
  13 kobolds
  2 quokkas
  9 ball pythons
  8 bats
  A frilled lizard (D:2)
  16 goblins
  8 rats
86 creatures vanquished.
